 Dungeon Crawl Stone Soup version 0.30.0-5-g1a98f26d00 (webtiles) character file.

Game seed: 17816775296088344273

9 dialectric the Slasher (level 2, 0/26 HPs)
             Began as a Meteoran Chaos Knight on May 9, 2023.
             Was a Plaything of Xom.
             Slain by a gnoll
             ... wielding a +0 club
              (6 damage)
             ... on level 2 of the Dungeon.
             The game lasted 00:00:28 (98 turns).

dialectric the Slasher (Meteoran Chaos Knight)        Turns: 98, Time: 00:00:29

Health: 0/26       AC:  5    Str: 13    XL:     2   Next: 35%
Magic:  3/3        EV: 11    Int: 13    God:    Xom [..*...]
Gold:   15         SH:  0    Dex: 13    Spells: 1/1 levels left

rFire   . . .        a - +0 falchion (chaos)
rCold   . . .        (no shield)
rNeg    . . .        b - +2 leather armour
rPois   .            (no helmet)
rElec   .            (no cloak)
rCorr   .            (no gloves)
SInv    .            (no boots)
Will    .....        (no amulet)
Stlth   +            (no ring)
HPRegen 0.24/turn    (no ring)
MPRegen 0.08/turn

%: no passive effects
@: glowing
A: sense surroundings 1, otherworldly, glowing, explore regen
a: Renounce Religion


You were on level 2 of the Dungeon.
You worshipped Xom.
You were a toy of Xom.
You visited 1 branch of the dungeon, and saw 2 of its levels.

You collected 15 gold pieces.

Inventory:

Hand Weapons
 a - a +0 falchion of chaos (weapon)
Missiles
 d - a throwing net
Armour
 b - a +2 leather armour (worn)
Miscellaneous
 c - a piece from Xom's chessboard (11/15) (quivered)


   Skills:
 + Level 3.3 Fighting
 + Level 4.1 Long Blades
 + Level 2.6 Armour
 + Level 1.2 Dodging


You had one spell level left.
You didn't know any spells.
Your spell library was empty.

Dungeon Overview and Level Annotations

Branches:
Dungeon (2/15) Zot: 1098

Altars:
Fedhas


Innate Abilities, Weirdness & Mutations

You passively map a small area around you.
You are easily found by Zot.
You glow in the dark.
You regain HP and MP as you explore.


Message History

The gnoll hits you with a +0 club.
You hit the gnoll. You freeze the gnoll.
The gnoll is moderately wounded.
The gnoll hits you with a +0 club.
You hit the gnoll.
The gnoll is moderately wounded.
The gnoll hits you with a +0 club!
* * * LOW HITPOINT WARNING * * *
Unknown command.
You make a move on Xom's chessboard...
The bat suddenly stops moving!
The rat closely misses you. The gnoll hits you but does no damage.
Unknown command.
Unknown command.
The rat bites you but does no damage.
A ball python comes into view.
The gnoll attacks as you move away! The gnoll barely misses you.
The ball python hisses angrily.
The gnoll hits you with a +0 whip.
* * * LOW HITPOINT WARNING * * *
The rat barely misses you.
You make a move on Xom's chessboard...
The gnoll resists with significant effort.
The gnoll hits you with a +0 whip.
* * * LOW HITPOINT WARNING * * *
The gnoll closely misses you. The rat barely misses you.
Unknown command.
Unknown command.
You aren't carrying any potions.
Unknown command.
Found a blossoming altar of Fedhas.
Found an escape hatch in the ceiling.
The adder bites you but does no damage. The gnoll hits you but does no damage.
The adder bites you but does no damage.
You make a move on Xom's chessboard...
The ball python is moving more slowly.
The gnoll closely misses you. The gnoll hits you but does no damage.
The adder barely misses you.
Unknown command.
Unknown command.
The gnoll attacks as you move away! The gnoll hits you with a +0 club.
You die...
Xom titters!

*#... ... , , *
.#.#...S. , .......# * *
. , ....#g# * .. *
*#..#.# , ... , , ,
*...g# ..._ , * , *#8.#
..... , _,
+..########..[... , *
###8..b.Srg@......., , ,
,* ,8#......##.gS.......
#####..................
...........[..........<,
#.#........[.......... ,
# #................... ,
* *
#.#.#...................
#....(.†)<..............
...................


You could see 2 gnolls, an adder, a bat (paralysed), a ball python (petrifying)
and a rat.

Vanquished Creatures
  2 goblins
  A hobgoblin (D:2)
  3 quokkas
  A frilled lizard (D:2)
7 creatures vanquished.

Notes
Turn   | Place    | Note
-------+----------+-------------------------------------------
     0 | D:1      | dialectric the Meteoran Chaos Knight began the quest for
                  | the Orb.
     0 | D:1      | Reached XP level 1. HP: 19/19 MP: 2/2
    46 | D:2      | Reached XP level 2. HP: 26/26 MP: 3/3
    49 | D:2      | Reached skill level 4 in Long Blades
    96 | D:2      | Found a blossoming altar of Fedhas.
    98 | D:2      | Slain by a gnoll

Illustrated notes

Levels and vault maps discovered:
D:1:      minmay_arrival_pointy, layout_basic, nicolae_titane
D:2:      layout_rooms, dreamdust_ecumenical_altar_angels_and_demons,
          basic_altar, serial_shops, shop, minmay_close_crescents

Skill      XL: |  1  2 |
---------------+-------+-----
Long Blades    | 4 |  4.1
Fighting       | |  3.3
Armour         | |  2.6
Dodging        | |  1.2

Action                     || total
---------------------------++-------
  Melee: Falchion          ||    35
  Evoke: Piece from Xom's  ||     4
 Armour: Leather armour    ||    24
  Dodge: Dodged            ||    37
